 Dungeon Crawl Stone Soup version 0.30.0 (webtiles) character file.

Game seed: 13420323883969174193

41 Precaricat the Trooper (level 3, -1/29 HPs)
             Began as a Demonspawn Berserker on June 4, 2023.
             Was a Believer of Trog.
             Slain by a worm (8 damage)
             ... on level 2 of the Dungeon on June 5, 2023.
             The game lasted 00:04:58 (903 turns).

Precaricat the Trooper (Demonspawn Berserker)        Turns: 903, Time: 00:04:59

Health: -1/29      AC:  4    Str: 17    XL:     3   Next: 32%
Magic:  3/3        EV: 12    Int:  8    God:    Trog [**....]
Gold:   100        SH:  0    Dex: 14    Spells: 2/2 levels left

rFire   . . .        a - +0 falchion
rCold   . . .        (no shield)
rNeg    . . .        b - +0 animal skin
rPois   .            (no helmet)
rElec   .            (no cloak)
rCorr   .            (no gloves)
SInv    .            (no boots)
Will    .....        (no amulet)
Stlth   +            (no ring)
HPRegen 0.24/turn    (no ring)
MPRegen 0.08/turn

%: no passive effects
@: no status effects
A: thin metallic scales 1
a: Renounce Religion, Berserk, Trog's Hand


You were on level 2 of the Dungeon.
You worshipped Trog.
Trog was pleased with you.
You visited 1 branch of the dungeon, and saw 2 of its levels.

You collected 100 gold pieces.

Inventory:

Hand Weapons
 a - a +0 falchion (weapon)
Armour
 b - a +0 animal skin (worn)
Scrolls
 c - 2 scrolls of identify {unknown}
 d - 2 scrolls of enchant weapon {unknown}
 f - a scroll of fog {unknown}
 g - a scroll of acquirement {unknown}
 h - a scroll of teleportation {unknown}
 i - a scroll of amnesia {unknown}
Potions
 e - a potion of invisibility {unknown}


   Skills:
 + Level 3.5 Fighting
 + Level 3.3 Long Blades
 + Level 1.9 Armour
 + Level 2.1 Dodging


You had 2 spell levels left.
You didn't know any spells.
Your spell library was empty.

Dungeon Overview and Level Annotations

Branches:
Dungeon (2/15)

Altars:

Shops:
D:2 !


Innate Abilities, Weirdness & Mutations

You are partially covered in thin metallic scales. (AC +2)


Message History

The worm is lightly wounded.
The worm bites you.
You hit the worm but do no damage.
The worm is lightly wounded.
You hit the worm.
The worm is moderately wounded.
The worm bites you.
You hit the worm.
The worm is moderately wounded.
The worm bites you.
You are too injured to fight recklessly!
You are too injured to fight recklessly!
You are too injured to fight recklessly!
You are too injured to fight recklessly!
You hit the worm.
The worm is heavily wounded.
You completely miss the worm.
The worm is heavily wounded.
The worm bites you but does no damage.
You hit the worm.
The worm is heavily wounded.
The worm barely misses you.
You hit the worm.
The worm is heavily wounded.
The worm completely misses you.
You hit the worm.
The worm is heavily wounded.
You hit the worm but do no damage.
The worm is heavily wounded.
The worm bites you!
* * * LOW HITPOINT WARNING * * *
You hit the worm.
The worm is severely wounded.
The worm closely misses you.
You barely miss the worm.
The worm is severely wounded.
You hit the worm but do no damage.
The worm is severely wounded.
The worm bites you!
You die...

#.... #.....#
#..... #.....#
#.....####.....#
........##.....#
#.##.....#
#.######g.......#
#.......###...[.#
#.###############.#
#.....#
#........w@....)..#
#..####
#...###############
##..# # ##.. ##.###
.... ###.... ####.
#...... #. #.....†
.. #...... ..
#...... #......


You could see a worm.

Vanquished Creatures
  A gnoll (D:2)
  A worm (D:2)
  3 ball pythons
  3 endoplasms
  7 goblins (D:1)
  A hobgoblin (D:1)
  2 quokkas
  4 bats
  2 frilled lizards (D:1)
  2 kobolds
  3 rats (D:1)
29 creatures vanquished.

Notes
Turn   | Place    | Note
-------+----------+-------------------------------------------
     0 | D:1      | Precaricat the Demonspawn Berserker began the quest for the
                  | Orb.
     0 | D:1      | Reached XP level 1. HP: 18/18 MP: 1/1
   151 | D:1      | Gained mutation: You are partially covered in thin metallic
                  | scales. (AC +2) [demonic ancestry]
   151 | D:1      | Reached XP level 2. HP: 16/24 MP: 2/2
   671 | D:2      | Reached ** piety under Trog
   676 | D:2      | Reached XP level 3. HP: 28/29 MP: 3/3
   732 | D:2      | Found Yxkak's Distillery.
   903 | D:2      | Slain by a worm

Illustrated notes

Levels and vault maps discovered:
D:1:      tekkud_arrival_beachfront_property, layout_rooms, minmay_nonomino_d4
D:2:      layout_basic, serial_shops, nicolae_shop_real_fake_doors

Skill      XL: |  1  2 |
---------------+-------+-----
Long Blades    | 3 |  3.3
Dodging        | 2 |  2.1
Fighting       | |  3.5
Armour         | |  1.9

Action                     || total
---------------------------++-------
  Melee: Falchion          ||   112
 Armour: Animal skin       ||    30
  Dodge: Dodged            ||    78
